Map: Blackpink LE

Players

radgeRayden

  • Race: Zerg Zerg
  • League: Platinum
  • Spawn Location: 1:00

BobLunar - Winner!

  • Race: Terran Terran
  • League: Diamond
  • Spawn Location: 7:00

VOD

Have the link to the VOD?

Description

Time

  • Played on: Dec. 2, 2017, 12:09 a.m.
  • Length: 14:44
Show
View Real Time Build Order
Export as new Build Order

radgeRayden Zerg 

Build Orders: Hatch First 

Get SALT Encoding   

  12  0:01  Drone  
  13  0:12  Overlord  
  13  0:17  Drone  
  14  0:30  Drone x2  
  14  0:34  Drone  
  17  0:57  Drone, Hatchery  
  16  1:00  Drone  
  18  1:05  Extractor  
  18  1:06  Drone  
  18  1:23  Spawning Pool  
  17  1:28  Drone  
  17  1:29  Drone  
  19  1:41  Drone  
  20  1:55  Drone  
  21  2:10  Queen x2  
  21  2:11  Zergling x4  
  21  2:14  Drone  
  28  2:21  Overlord  
  28  2:23  Metabolic Boost  
  28  2:35  Overlord  
  28  2:40  Roach Warren  
  28  2:43  Drone x2, Extractor  
  28  2:46  Drone  
  29  2:54  Drone x3  
  32  3:02  Drone  
  33  3:10  Queen  
  35  3:17  Drone x3, Extractor  
  37  3:25  Drone x3  
  40  3:27  Drone  
  41  3:39  Overlord x2  
  41  3:51  Overlord  
  41  3:57  Overlord x2  
  41  3:59  Drone x3  
  44  4:04  Lair  
  44  4:15  Roach  
  44  4:16  Roach x2  
  50  4:18  Roach  
  50  4:20  Roach  
  54  4:33  Roach  
  54  4:34  Roach x4  
  64  4:42  Roach x2  
  64  4:43  Roach  
  70  4:46  Pneumatized Carapace  
  70  4:50  Roach  
  70  4:52  Overlord  
  71  5:01  Roach x2  
  71  5:03  Overlord  
  75  5:16  Roach x3  
  75  5:17  Roach  
  78  5:34  Ravager x3  
  81  5:36  Roach x4  
  81  5:39  Queen  
  73  5:53  Hatchery  
  73  5:54  Roach  
  73  5:55  Roach x3  
  80  6:15  Roach  
  80  6:16  Queen  
  80  6:18  Zergling x2  
  85  6:19  Zergling x6  
  85  6:20  Zergling x4  
  90  6:38  Roach  
  90  6:39  Overlord x2  
  85  7:06  Roach x8  
  101  7:13  Ravager  
  101  7:14  Ravager  
  103  7:18  Roach x3, Zergling x2  
  103  7:19  Zergling x2  
  88  7:55  Roach  
  88  7:56  Roach x7  
  104  8:11  Roach x2  
  107  8:26  Queen  
  107  8:30  Hatchery  
  107  8:31  Overlord x3  
  102  8:59  Drone x7  
  102  9:00  Drone  
  110  9:25  Roach x4  
  71  9:54  Roach  
  71  9:55  Roach x7  
  83  10:10  Evolution Chamber  
  83  10:12  Hydralisk Den  
  81  10:15  Drone  
  81  10:17  Overlord x2  
  82  10:22  Hatchery  
  81  10:32  Glial Reconstitution  
  82  10:36  Zerg Missile Weapons Level 1  
  82  10:38  Roach x7  
  96  10:51  Hatchery  
  95  10:58  Overseer  
  95  11:02  Muscular Augments  
  95  11:07  Drone x3  
  98  11:17  Overlord x3  
  98  11:30  Overlord  
  98  11:36  Drone x2  
  98  11:37  Drone x5  
  105  11:40  Drone  
  105  11:41  Drone  
  107  11:50  Evolution Chamber  
  106  11:55  Roach  
  106  11:56  Roach x3  
  106  12:00  Hydralisk  
  116  12:09  Drone  
  116  12:10  Drone x5  
  122  12:21  Hydralisk  
  124  12:33  Hydralisk  
  124  12:34  Hydralisk  
  124  12:35  Hatchery  
  124  12:36  Overlord  
  127  12:47  Drone x5  
  127  12:48  Drone x2  
  127  12:49  Overlord  
  134  12:51  Drone x2  
  136  13:05  Hydralisk  
  136  13:06  Hydralisk x3  
  136  13:08  Overlord x3  
  136  13:12  Hydralisk  
  146  13:13  Hydralisk  
  146  13:16  Hydralisk  
  150  13:20  Hydralisk  
  150  13:24  Overlord x2  
  152  13:32  Hydralisk x4  
  160  13:39  Drone  
  160  13:40  Drone, Overlord  
  162  13:41  Hydralisk  
  162  13:42  Hydralisk  
  162  13:47  Zergling x2  
  167  13:51  Drone x5  
  167  13:52  Drone  
  167  13:53  Hydralisk x2  
  164  14:14  Roach  
  164  14:15  Roach x10  
  131  14:19  Roach  
  131  14:20  Roach x2  
Show
View Real Time Build Order
Export as new Build Order

BobLunar Terran - Winner!

Build Orders: Liberator Opening 

Get SALT Encoding   

  12  0:01  SCV  
  13  0:13  SCV  
  14  0:19  Supply Depot  
  14  0:25  SCV  
  15  0:40  Refinery  
  15  0:43  Barracks  
  15  0:45  SCV  
  16  1:02  SCV  
  17  1:14  SCV  
  17  1:15  Refinery  
  18  1:27  Supply Depot  
  19  1:35  Orbital Command  
  18  1:44  Barracks Reactor  
  18  2:00  SCV  
  19  2:08  Factory  
  19  2:12  SCV  
  19  2:15  Supply Depot  
  20  2:24  SCV  
  20  2:28  Marine x2  
  23  2:36  SCV  
  24  2:46  Marine x2  
  24  2:48  SCV  
  27  2:54  Starport  
  27  2:56  Factory Tech Lab  
  27  3:04  Marine x2  
  29  3:18  Siege Tank  
  32  3:39  Starport Reactor  
  32  3:41  Marine x2  
  32  3:45  Supply Depot  
  32  3:48  Supply Depot  
  34  3:50  Siege Tank  
  34  3:52  SCV  
  38  3:59  Marine  
  38  4:00  Liberator  
  38  4:02  Liberator  
  39  4:10  Engineering Bay  
  45  4:27  Marine x2  
  47  4:36  Supply Depot  
  47  4:41  Siege Tank  
  47  4:45  Marine x2  
  52  4:57  Liberator  
  52  5:02  Marine x2  
  54  5:09  Command Center  
  54  5:20  Marine x2  
  56  5:33  Siege Tank  
  59  5:38  Marine x2  
  59  5:56  Marine x2  
  61  6:14  Marine  
  61  6:15  Marine  
  63  6:21  Siege Tank  
  63  6:24  Supply Depot  
  66  6:26  Orbital Command  
  66  6:28  Supply Depot  
  66  6:29  Supply Depot, Refinery  
  66  6:31  Marine  
  67  6:40  Marine  
  68  6:49  Marine  
  68  6:52  Refinery  
  60  7:01  Liberator  
  69  7:15  Marine  
  69  7:16  Marine  
  69  7:17  Siege Tank  
  73  7:33  Marine x2  
  64  7:49  Siege Tank  
  50  7:51  Marine x2  
  52  7:58  SCV  
  52  8:00  SCV  
  54  8:11  SCV  
  54  8:12  SCV  
  56  8:16  Liberator x2  
  53  8:23  SCV  
  53  8:24  SCV  
  52  8:28  Marine x2  
  52  8:31  Siege Tank  
  63  8:36  SCV  
  64  8:41  Factory  
  64  8:46  Marine x2  
  66  8:52  Barracks  
  66  8:57  SCV  
  67  9:03  Siege Tank  
  67  9:04  Marine x2  
  67  9:09  SCV  
  73  9:21  SCV  
  74  9:26  Marine x2  
  74  9:28  Factory Tech Lab  
  80  9:33  Viking x2  
  80  9:44  Marine x2  
  69  10:04  Marine  
  69  10:05  Marine  
  71  10:08  Medivac x2  
  71  10:10  Barracks Reactor  
  75  10:20  Barracks  
  75  10:22  Marine x2, Command Center  
  77  10:40  Marine x2  
  77  10:42  Widow Mine  
  79  10:45  Medivac  
  79  10:46  Medivac  
  85  10:54  Marine x2  
  87  10:58  Marine x2  
  89  11:04  Terran Infantry Weapons Level 1  
  89  11:08  Barracks  
  89  11:09  Engineering Bay  
  89  11:11  Widow Mine, Marine  
  89  11:12  Marine  
  89  11:13  Barracks Tech Lab, Armory  
  89  11:15  Widow Mine, Medivac  
  89  11:16  Medivac  
  99  11:29  Supply Depot, Marine  
  99  11:31  Supply Depot  
  100  11:39  Widow Mine  
  100  11:42  Marine x2  
  100  11:43  Widow Mine, Marine x2  
  100  11:45  Orbital Command, Medivac  
  100  11:46  Medivac  
  112  11:47  Combat Shields  
  112  11:53  Supply Depot  
  112  11:54  Marine  
  112  12:00  Marine x3  
  116  12:14  Orbital Command  
  116  12:26  Terran Vehicle Weapons Level 1  
  115  12:48  Marine x2  
  115  12:49  Marine x3  
  115  12:51  Barracks Tech Lab  
  120  13:04  Starport Tech Lab  
  119  13:06  Marine x2  
  121  13:30  Marine x2  
  121  13:31  Marine x4  
  121  13:33  Siege Tank  
  130  13:34  Raven  
  132  13:48  Marine x3  
  132  13:49  Marine x3  
  138  14:05  Siege Tank  
  138  14:06  Marine  
  136  14:25  Marine x4  
  136  14:26  Marine x2  
Tags
 
Add a new tag
Caveats
  • Supply blocks, unpowered buildings, or Contaminate may cause inaccurate times.
  • Supply counts are checked every 10 seconds.